 Dungeon Crawl Stone Soup version 0.23-a0-814-g91b4073 (console) character file.

13 bli the Insei (level 2, -1/21 HPs)
             Began as a Demonspawn Transmuter on Jan 21, 2019.
             Killed from afar by a dart slug (5 damage)
             ... with a slug dart
             ... on level 1 of the Dungeon.
             The game lasted 00:01:04 (124 turns).

bli the Insei (Demonspawn Transmuter)                Turns: 124, Time: 00:01:04

Health: -1/21      AC:  2    Str: 10    XL:     2   Next: 24%
Magic:  5/5        EV: 12    Int: 14    God:
Gold:   26         SH:  0    Dex: 13    Spells: 4/5 levels left

rFire    . . .     SeeInvis .     - Unarmed
rCold    . . .     Gourm    .   (no shield)
rNeg     . . .     Faith    .   b - +0 robe
rPois    .         Spirit   .   (helmet restricted)
rElec    .         Reflect  .   (no cloak)
rCorr    .         Harm     .   (no gloves)
MR       .....                  (no boots)
Stlth    +.........             (no amulet)
HPRegen  0.07/turn              (no ring)
MPRegen  0.09/turn              (no ring)

@: no status effects
A: antennae 1
a: no special abilities


You were on level 1 of the Dungeon.
You were not hungry.

You visited 1 branch of the dungeon, and saw 1 of its levels.

You collected 26 gold pieces.

Inventory:

Missiles
 a - 12 arrows
 c - 26 stones (quivered)
Armour
 b - a +0 robe (worn)
Scrolls
 e - 3 scrolls of remove curse {unknown}
Comestibles
 d - a ration
 f - 3 chunks of flesh


   Skills:
 - Level 1.0 Fighting
 + Level 1.9 Dodging
 * Level 3.2 Unarmed Combat
 - Level 2.0 Spellcasting
 + Level 1.8 Transmutations


You had 4 spell levels left.
You knew the following spells:

 Your Spells              Type           Power        Failure   Level  Hunger
a - Beastly Appendage     Tmut           #.....       11%         1    ##.....

Your spell library contained the following spells:

 Spells                   Type           Power        Failure   Level  Hunger
 Sticks to Snakes         Tmut           #.......     17%         2    ###....
 Spider Form              Tmut/Pois      #.........   43%         3    ####...
 Ice Form                 Ice/Tmut       #.......     85%         4    #####..
 Blade Hands              Tmut           #.........   97%         5    ######.


Dungeon Overview and Level Annotations

Branches:
Dungeon (1/15)

Altars:


Innate Abilities, Weirdness & Mutations

You have a pair of small antennae on your head.


Message History

a +0 whip; a +0 club; a frilled lizard skeleton; a goblin skeleton A dart slug comes into view.
Your transformation is almost over.
Items here: )) รทรท a +0 whip; a +0 club; a frilled lizard skeleton; a goblin skeleton You start resting.
Your talons disappear.
You start resting.
Magic restored.
You start resting.
The dart slug is too close now for your liking.
You now have 23 gold pieces (gained 12).
You now have 26 gold pieces (gained 3).
You start resting.
A rat comes into view.
You hit the dart slug.
The dart slug is heavily wounded.
The dart slug launches a dart at you. The slug dart hits you.
You die...

#...#.....###.........#
#...'.....# #.......#.#
#.8.#.....# #.........#
#...#.....###.........####
#...#....................##
######.######.......w.....#
#####'# ...........#..#....
#.....# ##........##.# .
#.....# ###.#)#.....#
#.<...# ####.#.#.#...#
#.....# #.....@#)#...####
#.....# #.....w#.(........
####### #[...........)....
#..................
####...............
##..............
#..............
#.............
##........... .....##
....##


You could see a dart slug.

Vanquished Creatures
  An ooze (D:1)
  2 goblins (D:1)
  A hobgoblin (D:1)
  A kobold (D:1)
  A frilled lizard (D:1)
  3 rats (D:1)
9 creatures vanquished.

Notes
Turn   | Place    | Note
-------+----------+-------------------------------------------
     0 | D:1      | bli the Demonspawn Transmuter began the quest for the Orb.
     0 | D:1      | Reached XP level 1. HP: 15/15 MP: 3/3
    21 | D:1      | Reached skill level 3 in Unarmed Combat
    61 | D:1      | Lost mutation: You have a pair of horns on your head.
                  | [demonic ancestry]
    61 | D:1      | Lost mutation: You have a pair of small horns on your head.
                  | [demonic ancestry]
    61 | D:1      | Gained mutation: You have a pair of small antennae on your
                  | head. [demonic ancestry]
    61 | D:1      | Reached XP level 2. HP: 9/21 MP: 3/5
    87 | D:1      | HP: 1/21 [frilled lizard (1)]
   124 | D:1      | Killed from afar by a dart slug

Vault maps used:
D:1:      dpeg_arrival_rooms_b

Skill      XL: |  1 |
---------------+----+-----
Unarmed Combat | 3 |  3.2
Fighting       | |  1.0
Dodging        | |  1.9
Spellcasting   | |  2.0
Transmutations | |  1.8

Action                   || total
-------------------------++-------
Melee: Unarmed           ||    35
       Kick              ||     3
 Cast: Beastly Appendage ||     4
Armor: Robe              ||     1
Dodge: Dodged            ||    26

Table legend:
 A = Non-vault XP
 B = Vault XP
 C = Vault XP percentage of total XP
 D = Non-vault monster count
 E = Vault monster count
 F = Vault count percentage of total count
                 A         B        C        D         E       F
            +---------+---------+-------+---------+---------+-------
      Total |      19 |       0 |   0.0 |       9 |       0 |   0.0
            +---------+---------+-------+---------+---------+-------
        D:1 |      19 |       0 |   0.0 |       9 |       0 |   0.0
            +---------+---------+-------+---------+---------+-------
